MLB
MINNESOTA TWINS @ TORONTO BLUE JAYS
10/18/2098
 
TOP OF THE 1ST
Minnesota Twins batting - Pitching for Toronto Blue Jays : LHP Greg Earle
Pitching: LHP Greg Earle
Batting: RHB Rogelio Rivera 0-0: Swinging Strike
0-1: Ball
1-1: Fly out, F6 (Line Drive, 6, EV 66.3 MPH)
Batting: SHB Jim Whitlock 0-0: Ball
1-0: Foul Ball, location: 3F
1-1: Ball
2-1: Fly out, F5 (Popup, 5SF, EV 84.4 MPH)
Batting: SHB William Maki 0-0: Foul Ball, location: 7LMF
0-1: Swinging Strike
0-2: Foul Ball, location: 2F
0-2: Ball
1-2: Fly out, F5 (Popup, 56S, EV 65.6 MPH)
Top of the 1st over - 0 runs, 0 hits, 0 errors, 0 left on base; Minnesota 0 - Toronto 0
BOTTOM OF THE 1ST
Toronto Blue Jays batting - Pitching for Minnesota Twins : RHP Orlando Basurto
Pitching: RHP Orlando Basurto
Batting: LHB Collin Coleman 0-0: Ball
1-0: Foul Ball, location: 2F
1-1: Fly out, F9 (Flyball, 9, EV 92.5 MPH)
Batting: RHB Greg Whitaker 0-0: Called Strike
0-1: Foul Ball, location: 2F
0-2: Ball
1-2: Foul Ball, location: 3SF
1-2: Foul Ball, location: 2F
1-2: Fly out, F6 (Line Drive, 6, EV 65.0 MPH)
Batting: LHB John Slaff 0-0: Called Strike
0-1: Swinging Strike
0-2: Ball
1-2: Ball
2-2: SOLO HOME RUN (Flyball, 8LXD, EV 109.4 MPH), Distance : 434 ft
Batting: SHB Dennis Desper 0-0: Called Strike
0-1: Ball
1-1: Foul Ball, location: 5F
1-2: Ball
2-2: Reached via error on a dropped throw from 1B, E1 (Groundball, 13, EV 86.3 MPH)
Batting: LHB Ramon Anguiano 0-0: Ball
1-0: Ball
2-0: Ball
3-0: Base on Balls
Dennis Desper to second
Batting: LHB Ryan Ricks 0-0: Ball
1-0: Called Strike
1-1: Called Strike
1-2: Ball
2-2: Fly out, F8 (Line Drive, 8LM, EV 100.6 MPH)
Bottom of the 1st over - 1 run, 1 hit, 1 error, 2 left on base; Minnesota 0 - Toronto 1
TOP OF THE 2ND
Minnesota Twins batting - Pitching for Toronto Blue Jays : LHP Greg Earle
Batting: RHB Bill Widby 0-0: Called Strike
0-1: Ball
1-1: Ball
2-1: Ball
3-1: Called Strike
3-2: Base on Balls
Batting: RHB Joe Looby 0-0: Called Strike
0-1: Swinging Strike
0-2: Strikes out looking
Batting: LHB Emilio Gonzales 0-0: Ball
1-0: Ball
2-0: Foul Ball, location: 7LMF
2-1: SINGLE (Flyball, 78S, EV 93.1 MPH)
Bill Widby to second
Batting: RHB Greg Schuler 0-0: Foul Ball, location: 2F
0-1: Swinging Strike
0-2: Ball
1-2: Fly out, F8 (Flyball, 8LXD, EV 97.5 MPH)
Runner from 2nd tags up, SAFE at 3rd, no throw by CF
Batting: SHB Nick White 0-0: Ground out 6-3 (Groundball, 6M, EV 85.6 MPH)
Top of the 2nd over - 0 runs, 1 hit, 0 errors, 2 left on base; Minnesota 0 - Toronto 1
BOTTOM OF THE 2ND
Toronto Blue Jays batting - Pitching for Minnesota Twins : RHP Orlando Basurto
Batting: RHB Josh Sherman 0-0: Called Strike
0-1: Ball
1-1: Ball
2-1: Foul Ball, location: 7LSFF
2-2: Strikes out looking
Batting: SHB Mark Spalding 0-0: Ball
1-0: Foul Ball, location: 7LSF
1-1: Ball
2-1: SINGLE (Flyball, 8LM, EV 92.5 MPH)
Batting: SHB Alex Carrillo 0-0: Fly out, F8 (Flyball, 8LD, EV 91.3 MPH)
Pitching: LHP Jeff Downing
Batting: LHB Collin Coleman 0-0: Ball
1-0: Ball
2-0: Called Strike
2-1: SINGLE (Groundball, 3D, EV 98.1 MPH)
Mark Spalding to second
Runner from 2nd tries for 3rd, SAFE, no throw by RF
Batting: RHB Greg Whitaker 0-0: Called Strike
0-1: Fly out, F9 (Line Drive, 9, EV 96.3 MPH)
Bottom of the 2nd over - 0 runs, 2 hits, 0 errors, 2 left on base; Minnesota 0 - Toronto 1
TOP OF THE 3RD
Minnesota Twins batting - Pitching for Toronto Blue Jays : LHP Greg Earle
Batting: RHB Adam Ramsey 0-0: Ball
1-0: Ball
2-0: Foul Ball, location: 2F
2-1: SINGLE (Line Drive, 7S, EV 91.3 MPH)
Batting: RHB Rogelio Rivera 0-0: Ball
1-0: Ground out 6-3 (Groundball, 56, EV 85.6 MPH)
Adam Ramsey to second
Batting: SHB Jim Whitlock 0-0: Called Strike
0-1: Reached via error on a dropped throw from SS, E3 (Groundball, 6S, EV 86.9 MPH)
Batting: SHB William Maki 0-0: Called Strike
0-1: Ball
1-1: Ball
2-1: Called Strike
2-2: Foul Ball, location: 9LDF
2-2: Strikes out swinging
Batting: RHB Bill Widby 0-0: Ball
1-0: Foul Ball, location: 2F
1-1: Ball
2-1: Ball
3-1: Called Strike
3-2: Strikes out swinging
Top of the 3rd over - 0 runs, 1 hit, 1 error, 2 left on base; Minnesota 0 - Toronto 1
BOTTOM OF THE 3RD
Toronto Blue Jays batting - Pitching for Minnesota Twins : LHP Jeff Downing
Batting: LHB John Slaff 0-0: Called Strike
0-1: Ground out 4-3 (Groundball, 4D, EV 102.5 MPH)
Batting: SHB Dennis Desper 0-0: Fly out, F8 (Flyball, 8RXD, EV 99.4 MPH)
Batting: LHB Ramon Anguiano 0-0: Called Strike
0-1: Called Strike
0-2: Ball
1-2: Ball
2-2: Ball
3-2: Base on Balls
Pitching: RHP Mario Prado
Batting: LHB Ryan Ricks 0-0: Ball
1-0: Ball
2-0: Foul Ball, location: 23F
2-1: Called Strike
2-2: Ball
3-2: Strikes out looking
Bottom of the 3rd over - 0 runs, 0 hits, 0 errors, 1 left on base; Minnesota 0 - Toronto 1
TOP OF THE 4TH
Minnesota Twins batting - Pitching for Toronto Blue Jays : LHP Greg Earle
Batting: RHB Joe Looby 0-0: Called Strike
0-1: Swinging Strike
0-2: Strikes out swinging
Batting: LHB Emilio Gonzales 0-0: Ball
1-0: Called Strike
1-1: Swinging Strike
1-2: Fly out, F4 (Popup, 4MD, EV 45.0 MPH)
Batting: RHB Greg Schuler 0-0: Called Strike
0-1: Ball
1-1: Ball
2-1: Ball
3-1: Called Strike
3-2: Ground out 4-3 (Groundball, 4, EV 81.9 MPH)
Top of the 4th over - 0 runs, 0 hits, 0 errors, 0 left on base; Minnesota 0 - Toronto 1
BOTTOM OF THE 4TH
Toronto Blue Jays batting - Pitching for Minnesota Twins : RHP Mario Prado
Batting: RHB Josh Sherman 0-0: Ball
1-0: Called Strike
1-1: Called Strike
1-2: Reached on error, E6 (Groundball, 6M, EV 88.8 MPH)
Batting: SHB Mark Spalding 0-0: Ball
1-0: Called Strike
1-1: SINGLE (Groundball, 56, EV 85.6 MPH)
Josh Sherman to second
Batting: SHB Alex Carrillo 0-0: Bunt missed!
0-1: Ball
1-1: Bunt missed!
1-2: Ball
2-2: Strikes out looking
Pitching: LHP Nick Frye
Batting: LHB Collin Coleman 0-0: Called Strike
0-1: Ball
1-1: Called Strike
1-2: Fielders Choice at 2nd, 4-6 (Groundball, 4, EV 99.4 MPH)
Josh Sherman to third
Batting: RHB Greg Whitaker 0-0: Called Strike
0-1: Foul Ball, location: 25F
0-2: Foul Ball, location: 25FF
0-2: Foul Ball, location: 5F
0-2: Ball
1-2: Strikes out looking
Bottom of the 4th over - 0 runs, 1 hit, 1 error, 2 left on base; Minnesota 0 - Toronto 1
TOP OF THE 5TH
Minnesota Twins batting - Pitching for Toronto Blue Jays : LHP Greg Earle
Batting: SHB Nick White 0-0: Ball
1-0: Reached on error, E4 (Groundball, 34, EV 86.9 MPH)
Batting: RHB Adam Ramsey 0-0: Fly out, F7 (Line Drive, 7, EV 85.6 MPH)
Batting: RHB Rogelio Rivera 0-0: Called Strike
0-1: Called Strike
0-2: Foul Ball, location: 7LDF
0-2: Ball
1-2: Foul Ball, location: 7LMF
1-2: Strikes out swinging
Batting: SHB Jim Whitlock 0-0: Ball
1-0: Ball
2-0: Called Strike
2-1: Called Strike
2-2: Ground out 4-3 (Groundball, 4, EV 90.0 MPH)
Top of the 5th over - 0 runs, 0 hits, 1 error, 1 left on base; Minnesota 0 - Toronto 1
BOTTOM OF THE 5TH
Toronto Blue Jays batting - Pitching for Minnesota Twins : LHP Nick Frye
Batting: LHB John Slaff 0-0: Ball
1-0: Called Strike
1-1: Foul Ball, location: 7LSF
1-2: Ball
2-2: Fly out, F9 (Flyball, 89D, EV 83.1 MPH)
Pitching: LHP Josh Schumann
Batting: SHB Dennis Desper 0-0: Fly out, F8 (Flyball, 8LD, EV 105.0 MPH)
Batting: LHB Ramon Anguiano 0-0: Called Strike
0-1: Called Strike
0-2: Ball
1-2: Strikes out swinging
Bottom of the 5th over - 0 runs, 0 hits, 0 errors, 0 left on base; Minnesota 0 - Toronto 1
TOP OF THE 6TH
Minnesota Twins batting - Pitching for Toronto Blue Jays : LHP Greg Earle
Batting: SHB William Maki 0-0: Called Strike
0-1: Ball
1-1: Foul Ball, location: 9LMF
1-2: Foul Ball, location: 7LMF
1-2: SINGLE (Groundball, 34D, EV 104.4 MPH)
Batting: RHB Bill Widby 0-0: Called Strike
0-1: Foul Ball, location: 2F
0-2: Strikes out swinging
Batting: RHB Joe Looby 0-0: Called Strike
0-1: Ball
1-1: Swinging Strike
1-2: Strikes out looking
Batting: LHB Emilio Gonzales 0-0: Ball
1-0: Fly out, F9 (Flyball, 9S, EV 84.4 MPH)
Top of the 6th over - 0 runs, 1 hit, 0 errors, 1 left on base; Minnesota 0 - Toronto 1
BOTTOM OF THE 6TH
Toronto Blue Jays batting - Pitching for Minnesota Twins : LHP Josh Schumann
Batting: LHB Ryan Ricks 0-0: Ball
1-0: Ball
2-0: Ball
3-0: Base on Balls
Pitching: RHP Jeff Olguin
Batting: RHB Josh Sherman 0-0: Ball
1-0: Ball
2-0: Foul Ball, location: 2F
2-1: Foul Ball, location: 25F
2-2: Grounds into double play, 6-4-3 (Groundball, 6M, EV 98.8 MPH)
Batting: SHB Mark Spalding 0-0: Called Strike
0-1: Called Strike
0-2: Strikes out swinging
Bottom of the 6th over - 0 runs, 0 hits, 0 errors, 0 left on base; Minnesota 0 - Toronto 1
TOP OF THE 7TH
Minnesota Twins batting - Pitching for Toronto Blue Jays : LHP Greg Earle
Batting: RHB Greg Schuler 0-0: Called Strike
0-1: Ball
1-1: Ball
2-1: Ground out 4-3 (Groundball, 34, EV 86.3 MPH)
Pitching: RHP Ivan Juarez
Batting: SHB Nick White 0-0: Ball
1-0: Ball
2-0: Swinging Strike
2-1: Swinging Strike
2-2: Ground out 6-3 (Groundball, 6, EV 93.8 MPH)
Batting: RHB Adam Ramsey 0-0: Ball
1-0: Ball
2-0: Ball
3-0: Called Strike
3-1: Base on Balls
Batting: RHB Rogelio Rivera 0-0: Ball
1-0: Called Strike
1-1: Fielders Choice at 2nd, 6-4 (Groundball, 6, EV 86.9 MPH)
Top of the 7th over - 0 runs, 0 hits, 0 errors, 1 left on base; Minnesota 0 - Toronto 1
BOTTOM OF THE 7TH
Toronto Blue Jays batting - Pitching for Minnesota Twins : RHP Jeff Olguin
Batting: SHB Alex Carrillo 0-0: Foul Ball, location: 7LSF
0-1: Fly out, F7 (Line Drive, 78M, EV 100.0 MPH)
Batting: LHB Collin Coleman 0-0: Ball
1-0: Ball
2-0: Foul Ball, location: 7LDF
2-1: Ball
3-1: Foul Ball, location: 2F
3-2: SINGLE (Line Drive, 4D, EV 99.4 MPH)
Pitching: RHP Paul King
Batting: RHB Greg Whitaker 0-0: Ball
Collin Coleman steals 2nd base
1-0: Foul Ball, location: 5F
1-1: Ball
2-1: Ball
Wild Pitch!
Collin Coleman to third
3-1: Foul Ball, location: 7LMF
3-2: DOUBLE (Line Drive, 5D, EV 105.0 MPH)
Collin Coleman scores
Batting: LHB John Slaff 0-0: Ball
1-0: Swinging Strike
1-1: Swinging Strike
1-2: Strikes out looking
Batting: SHB Dennis Desper 0-0: Ball
1-0: Foul Ball, location: 2F
1-1: Fly out, F7 (Flyball, 78M, EV 92.5 MPH)
Bottom of the 7th over - 1 run, 2 hits, 0 errors, 1 left on base; Minnesota 0 - Toronto 2
TOP OF THE 8TH
Minnesota Twins batting - Pitching for Toronto Blue Jays : RHP Ivan Juarez
Batting: SHB Jim Whitlock 0-0: Called Strike
0-1: Ball
1-1: Called Strike
1-2: Ball
2-2: SINGLE (Groundball, 4S, EV 62.5 MPH) (infield hit)
Batting: SHB William Maki 0-0: Called Strike
0-1: DOUBLE (Flyball, 78XD, EV 90.0 MPH)
Jim Whitlock to third
Pitching: RHP Victor Urueta
Batting: RHB Bill Widby 0-0: SINGLE (Line Drive, 7LS, EV 108.8 MPH)
Jim Whitlock scores
William Maki to third
Batting: RHB Joe Looby 0-0: Ball
1-0: Ball
2-0: Called Strike
2-1: Ball
3-1: Base on Balls
Bill Widby to second
Batting: LHB Emilio Gonzales 0-0: Called Strike
0-1: Called Strike
0-2: Ball
1-2: Ball
2-2: Ball
3-2: Fly out, F7 (Flyball, 78M, EV 88.1 MPH)
Runner from 3rd tags up, SCORES, throw by LF
Batting: RHB Greg Schuler 0-0: Ball
1-0: Foul Ball, location: 25F
1-1: Called Strike
1-2: Ball
2-2: Strikes out swinging
Batting: SHB Nick White 0-0: Foul Ball, location: 2RF
0-1: Called Strike
0-2: Ball
1-2: Fly out, F8 (Flyball, 8LD, EV 106.9 MPH)
Top of the 8th over - 2 runs, 3 hits, 0 errors, 2 left on base; Minnesota 2 - Toronto 2
BOTTOM OF THE 8TH
Toronto Blue Jays batting - Pitching for Minnesota Twins : RHP Paul King
Pitching: LHP Andres Martines
Pinch Hitting: RHB Danny Daugherty 0-0: Ball
1-0: Foul Ball, location: 9LMF
1-1: Fly out, F8 (Line Drive, 8LD, EV 108.8 MPH)
Pinch Hitting: RHB Victor Ramirez 0-0: Foul Ball, location: 2F
0-1: Ball
1-1: Foul Ball, location: 2F
1-2: Strikes out swinging
Batting: RHB Josh Sherman 0-0: Foul Ball, location: 2LF
0-1: Foul Ball, location: 9LMF
0-2: Ball
1-2: Strikes out swinging
Bottom of the 8th over - 0 runs, 0 hits, 0 errors, 0 left on base; Minnesota 2 - Toronto 2
TOP OF THE 9TH
Minnesota Twins batting - Pitching for Toronto Blue Jays : RHP Victor Urueta
Now in LF: Danny Daugherty
Now in RF: Matt Gordon
Pinch Hitting: SHB Dan Mayes 0-0: Ball
1-0: Foul Ball, location: 2F
1-1: Foul Ball, location: 5F
1-2: Ball
2-2: Fly out, F7 (Flyball, 7, EV 78.8 MPH)
Pinch Hitting: LHB Jay Molteni 0-0: Called Strike
0-1: Ball
1-1: Ball
2-1: Ball
3-1: Foul Ball, location: 7LMF
3-2: SINGLE (Flyball, 8RS, EV 100.6 MPH)
Pitching: RHP Adrian Korner
Batting: SHB Jim Whitlock 0-0: Foul Ball, location: 2F
0-1: Swinging Strike
0-2: Strikes out swinging
Batting: SHB William Maki 0-0: Ground out U3 (Groundball, 3, EV 86.9 MPH)
Top of the 9th over - 0 runs, 1 hit, 0 errors, 1 left on base; Minnesota 2 - Toronto 2
BOTTOM OF THE 9TH
Toronto Blue Jays batting - Pitching for Minnesota Twins : LHP Andres Martines
Now at C: Chris Armstrong
Now at 1B: Dan Mayes
Pinch Hitting: RHB Ricky Ulloa 0-0: Called Strike
0-1: Ball
1-1: Called Strike
1-2: Foul Ball, location: 7LDF
1-2: Foul Ball, location: 9LMF
1-2: Foul Ball, location: 9LDF
1-2: Foul Ball, location: 23F
1-2: Ball
2-2: DOUBLE (Line Drive, 78M, EV 111.3 MPH)
Pinch Hitting: RHB Brian Jones 0-0: Bunted foul
0-1: Called Strike
0-2: Strikes out swinging
Batting: LHB Collin Coleman 0-0: Ground out 4-3 (Groundball, 4, EV 84.4 MPH)
Ricky Ulloa to third
Batting: RHB Greg Whitaker 0-0: Intentional Walk
Batting: LHB John Slaff 0-0: Ball
1-0: Called Strike
1-1: Called Strike
1-2: Foul Ball, location: 7LDF
1-2: SINGLE (Groundball, 4D, EV 98.1 MPH)
Ricky Ulloa scores
Bottom of the 9th over - 1 run, 2 hits, 0 errors, 1 left on base; Minnesota 2 - Toronto 3
Wednesday, April 17th , 2024 - OOTP Baseball 24.11 Build 85